 Dungeon Crawl Stone Soup version 0.30-a0-297-g0ec75d9ef4 (webtiles) character file.

Game seed: 18323655845343877795

60 lunkers the Slasher (level 4, -5/38 HPs)
             Began as a Meteoran Fighter on Oct 18, 2022.
             Was an Initiate of Ashenzari.
             Slain by a steam dragon (7 damage)
             ... on level 4 of the Dungeon.
             The game lasted 00:02:06 (1157 turns).

lunkers the Slasher (Meteoran Fighter)              Turns: 1157, Time: 00:02:06

Health: -5/38      AC:  6    Str: 17    XL:     4   Next: 50%
Magic:  5/5        EV:  9    Int:  9    God:    Ashenzari [......]
Gold:   105        SH:  5    Dex: 16    Spells: 3/3 levels left

rFire   . . .      SeeInvis +    a - +0 long sword
rCold   . . .      Faith    .    c - +0 buckler "Augurer of Ashenzari" {Range, Comp} (curse)
rNeg    . . .      Spirit   .    b - +0 scale mail
rPois   +          Reflect  .    (no helmet)
rElec   .          Harm     .    (no cloak)
rCorr   .          Rampage  .    (no gloves)
Will    .....                    (no boots)
Stlth   ..........               (no amulet)
HPRegen 0.26/turn                i - ring of poison resistance
MPRegen 0.09/turn                m - ring of see invisible

@: glowing
A: sense surroundings 1, otherworldly, glowing, explore regen
a: Renounce Religion, Shatter the Chains


You were on level 4 of the Dungeon.
You worshipped Ashenzari.
Ashenzari was noncommittal.
You visited 1 branch of the dungeon, and saw 4 of its levels.

You collected 105 gold pieces.

Inventory:

Hand Weapons
 a - a +0 long sword (weapon)
Armour
 b - a +0 scale mail (worn)
 c - the cursed +0 buckler "Augurer of Ashenzari" (worn) {Range, Comp}

   It has a curse which improves the following skills: Ranged Combat: Ranged
   Weapons and Throwing.
   Companions: Summonings and Necromancy.
Jewellery
 i - a ring of poison resistance (left hand)
 m - a ring of see invisible (right hand)
Scrolls
 e - a scroll of teleportation {unknown}
 f - 2 scrolls of amnesia {unknown}
 g - 2 scrolls of fear {unknown}
 j - 4 scrolls of identify {unknown}
 k - a scroll of silence {unknown}
 o - a scroll of brand weapon {unknown}
Potions
 d - a potion of might
 h - a potion of lignification {unknown}
 l - a potion of heal wounds {unknown}
 n - a potion of attraction {unknown}


   Skills:
 - Level 3.2 Fighting
 + Level 5.1 Long Blades
 - Level 3.6 Armour
 - Level 3.6 Shields


You had 3 spell levels left.
You didn't know any spells.
Your spell library contained the following spells:

 Spells                   Type           Power      Damage    Failure   Level
 Static Discharge         Conj/Air       0%         2-2/arc   95%         2
 Vhi's Electric Charge    Tloc/Air       0%         N/A       99%         3
 Arcjolt                  Conj/Air       0%         1d10      100%        5
 Lightning Bolt           Conj/Air       0%         1d11      100%        5


Dungeon Overview and Level Annotations

Branches:
Dungeon (4/15) Zot: 1215
 Temple: D:4-7

Altars:
Ashenzari


Innate Abilities, Weirdness & Mutations

You passively map a small area around you.
You are easily found by Zot.
You glow in the dark.
You regain HP and MP as you explore.


Message History

A ball python is nearby!
You hit the ball python.
You kill the ball python!
A goblin comes into view. It is wielding a +0 dagger.
The goblin shouts!
A goblin is nearby!
A goblin is nearby!
You slash the goblin!
You kill the goblin!
No target in view!
No target in view!
Things that are here:
a +0 dagger; a goblin corpse
Found an escape hatch in the floor.
Found a stone staircase leading down.
No target in view!
j - 4 scrolls labelled FOTUGU ZINUICH (gained 1)
A steam dragon comes into view.
The steam dragon hisses angrily.
m - a ring of see invisible (right hand)
The steam dragon breathes steam at you. The ball of steam hits you!
You hit the steam dragon.
The steam dragon is lightly wounded.
You are engulfed in a cloud of scalding steam.
The steam dragon closely misses you.
The steam dragon claws you but does no damage.
You closely miss the steam dragon.
The steam dragon is lightly wounded.
You are engulfed in a cloud of scalding steam.
* * * LOW HITPOINT WARNING * * *
The steam dragon completely misses you.
The steam dragon claws you but does no damage.
A giant cockroach comes into view.
The steam dragon breathes steam at you. The ball of steam hits you!
* * * LOW HITPOINT WARNING * * *
Okay, then.
The steam dragon attacks as you move away!
The steam dragon bites you!
You die...

# #. ##.####* ....... , *
## * *..... ###########.#
, , ##.D##...##......#
...#...@............# ,, ,
.................>..# ,
....................# .
,#......##.§.##......#..
,,,..B#...##..§##.........
.. #........##......... ,
. #................... ,
....................
....................>,


You could see a steam dragon (catching breath) and a giant cockroach.

Vanquished Creatures
  3 worms
  5 orcs (D:3)
  3 endoplasms
  2 giant cockroaches
  5 goblins
  9 hobgoblins
  A quokka (D:1)
  4 ball pythons
  2 bats
  2 frilled lizards
  4 kobolds
  3 rats (D:1)
43 creatures vanquished.

Notes
Turn   | Place    | Note
-------+----------+-------------------------------------------
     0 | D:1      | lunkers the Meteoran Fighter began the quest for the Orb.
     0 | D:1      | Reached XP level 1. HP: 19/19 MP: 2/2
    34 | D:1      | Reached skill level 3 in Long Blades
    34 | D:1      | Reached XP level 2. HP: 23/26 MP: 3/3
   227 | D:1      | Reached XP level 3. HP: 31/31 MP: 4/4
   288 | D:2      | Reached skill level 4 in Long Blades
   294 | D:2      | Found a broken altar of Ashenzari.
   301 | D:2      | Became a worshipper of Ashenzari the Shackled
   617 | D:3      | Reached XP level 4. HP: 22/38 MP: 5/5
   990 | D:3      | Reached skill level 5 in Long Blades
   992 | D:3      | Found a faded altar of an unknown god.
  1151 | D:4      | Noticed a steam dragon
  1157 | D:4      | Slain by a steam dragon

Illustrated notes

Levels and vault maps discovered:
D:1:      mrwooster_arrival_statue_3, layout_loops_cross, minmay_pentomino_q2
D:2:      layout_basic, basic_altar, kennysheep_jessica_study
D:3:      layout_basic, hellmonk_ecumenical_altar_prayer_group,
          minmay_door_square
D:4:      layout_basic, uniq_edmund

Skill      XL: |  1  2  3  4 |
---------------+-------------+-----
Long Blades    | 3 4 5 |  5.1
Fighting       | |  3.2
Armour         | |  3.6
Shields        | |  3.6

Action                   |  1- 3 |  4- 6 || total
-------------------------+-------+-------++-------
Melee: Long sword        |    90 |    37 ||   127
Invok: Curse Item        |       |     1 ||     1
Armor: Scale mail        |    36 |    19 ||    55
Dodge: Dodged            |    36 |    15 ||    51
Block: Buckler           |    24 |     8 ||    32

Table legend: (Time is in decaauts)
 A = Elapsed time spent in this place.
 B = Non-inter-level travel time spent in this place.
 C = Inter-level travel time spent in this place.
 D = Time resting spent in this place.
 E = Time spent auto-exploring this place.
 F = Levels seen in this place.
 G = Mean time per level.
                   A        B        C        D        E       F      G
               +--------+--------+--------+--------+--------+-----+--------+
         Total |   1184 |   1072 |    112 |      0 |    784 |   4 |  296.0 |
       Dungeon |   1184 |   1072 |    112 |      0 |    784 |   4 |  296.0 |
               +--------+--------+--------+--------+--------+-----+--------+

Top non-repeatable levels by time:
     D:3: 526 daAuts
     D:2: 296 daAuts
     D:1: 291 daAuts
     D:4: 70 daAuts
